 Dungeon Sprint DCSS version 0.30.0-18-gc0e69614cb (webtiles) character file.

Game seed: 10356313226236454010

455970 Groucho the Slayer (level 19, 220/220 HPs)
             Began as a Naga Brigand on May 25, 2023.
             Was the Champion of Cheibriados.
             Escaped with the Orb!
             The game lasted 00:37:59 (8639 turns).

Groucho the Slayer (Naga Brigand)                   Turns: 8639, Time: 00:38:00

Health: 220/220    AC: 45    Str: 28    XL:     19   Next: 1%
Magic:  45/45      EV: 34    Int: 31    God:    Cheibriados [******]
Gold:   0          SH: 40    Dex: 41    Spells: 47/62 levels left

rFire   . . .        H - +9 hand crossbow (flame)
rCold   . . .        E - +18 shield of the Gong {Loud rN+ Will+ rCorr EV-5}
rNeg    + + .        D - +15 Maxwell's patent armour {-Cast -Tele rElec Will+ rCorr}
rPois   +            J - +1 helmet {Int+3}
rElec   +            c - +2 cloak {rPois}
rCorr   +            R - +0 pair of gloves {hurl}
SInv    +            (no barding)
Will    ++++.        Y - amulet "Caoheuq" {Acrobat rN+ rCorr} Stlth
                     e - +6 ring of dexterity
HPRegen 0.56/turn    p - ring of the Hare {EV+10}
MPRegen 0.29/turn

%: no teleportation, no spellcasting, acrobat
@: studying 5 skills, very slow
A: AC +6, large, see invisible, deformed body, poison resistance, slowness 2,
spit poison 1, naga tail 2
0: Orb of Zot
a: Spit Poison, Renounce Religion, Bend Time, Temporal Distortion, Slouch, Step
From Time


You escaped.
You worshipped Cheibriados.
Cheibriados was exalted by your worship.
You visited 1 branch

Inventory:

Hand Weapons
 g - the +10 zealot's sword {holy, Zealotry, *Rage rN+ EV+3}
   (You found it in the Dungeon)

   Zealotry:  Whenever the wielder enters a berserk rage, their allies are
   berserked alongside them.
   EV:        It affects your evasion (+3).
   rN:        It protects you from negative energy.
   *Rage:     It berserks you when you make melee attacks (+20% chance).
 h - the +5 demon whip "Spellbinder" {antimagic, disrupt, Will+}
   (You found it in the Dungeon)

   Will:      It increases your willpower.
 l - the +8 demon trident "Rift" {distort, reach+}
   (You found it in the Dungeon)
 C - the +27 heavy crossbow "Sniper" {heavy, Acc+∞ SInv}
   (You found it in the Dungeon)

   Acc+∞: It never misses its target.
   SInv:      It lets you see invisible.
 F - the +6 shillelagh "Devastator" {shatter}
   (You found it in the Dungeon)
 G - the +8 storm bow {elec, penet}
   (You found it in the Dungeon)
 H - a +9 hand crossbow of flaming (weapon)
 K - the +12 pair of quick blades "Gyre" and "Gimble" {protect}
   (You found it in the Dungeon)
 W - the +12 glaive of Prune {freeze, Prune}
   (You found it in the Dungeon)

   Prune:     It halves damage taken while paralysed, petrified or unconscious.
Missiles
 L - 3 silver boomerangs
Armour
 a - +5 gold dragon scales
 c - a +2 cloak of poison resistance (worn)
 D - the +15 Maxwell's patent armour (worn) {-Cast -Tele rElec Will+ rCorr}
   (You found it in the Dungeon)

   rElec:     It insulates you from electricity.
   -Cast:     It prevents spellcasting.
   -Tele:     It prevents most forms of teleportation.
   rCorr:     It protects you from acid and corrosion.
   Will:      It increases your willpower.
 E - the +18 shield of the Gong (worn) {Loud rN+ Will+ rCorr EV-5}
   (You found it in the Dungeon)

   Loud:      It is deafeningly noisy when blocking attacks.
   EV:        It affects your evasion (-5).
   rN:        It protects you from negative energy.
   rCorr:     It protects you from acid and corrosion.
   Will:      It increases your willpower.
 J - a +1 helmet of intelligence (worn)
 R - a +0 pair of gloves of hurling (worn)
Magical Staves
 I - the staff of conjuration "Jomuc" {rElec rPois rC++ Will-}
   (You found it in the Dungeon)

   [staff of conjuration]

   Base accuracy: +5 Base damage: 5 Base attack delay: 1.2 This weapon's minimum
   attack delay (0.6) is reached at skill level 12.
   rC:        It greatly protects you from cold.
   rElec:     It insulates you from electricity.
   rPois:     It protects you from poison.
   Will:      It decreases your willpower.
   It falls into the 'Staves' category.
   It is a one-handed weapon.
Jewellery
 d - the ring of Spite {rC+ Slay+2}
   (You took it off an orc high priest in the Dungeon)

   [ring of protection from cold]

   Slay:      It affects your accuracy & damage with ranged weapons and melee
   (+2).
   rC:        It protects you from cold.
 e - a +6 ring of dexterity (left hand)
 n - the ring of the Lizard {rF+ rCorr EV+5}
   (You took it off a nagaraja in the Dungeon)

   [ring of evasion]

   EV:        It affects your evasion (+5).
   rF:        It protects you from fire.
   rCorr:     It protects you from acid and corrosion.
 o - a ring of protection from fire
 p - the ring of the Hare (right hand) {EV+10}
   (You found it in the Dungeon)

   [ring of evasion]

   EV:        It affects your evasion (+10).
 O - the brooch of Shielding {Spirit SH+8}
   (You found it in the Dungeon)

   [amulet of guardian spirit]

   It causes incoming damage to be divided between your reserves of health and
   magic.
   SH:        It affects your SH (+8).
 P - the ring of Maepi {rElec rPois rF+}
   (You found it in the Dungeon)

   [ring of protection from fire]

   rF:        It protects you from fire.
   rElec:     It insulates you from electricity.
   rPois:     It protects you from poison.
 Q - the amulet "Syciotath" {RegenMP +Inv rCorr}
   (You found it in the Dungeon)

   [amulet of magic regeneration]

   It increases your rate of magic regeneration.
   +Inv:      It lets you turn invisible.
   rCorr:     It protects you from acid and corrosion.
 T - a +4 ring of slaying
 U - the amulet of Gerigo {Faith rN+ Int+3 Dex+4 Stlth+}
   (You took it off a nagaraja in the Dungeon)

   [amulet of faith]

   It allows you to gain divine favour quickly.
   Int:       It affects your intelligence (+3).
   Dex:       It affects your dexterity (+4).
   rN:        It protects you from negative energy.
   Stlth:     It makes you more stealthy.
 V - the amulet "Ymygai Rymol" {RegenMP rF+++ rC- Str+3 Int-2}
   (You found it in the Dungeon)

   [amulet of magic regeneration]

   It increases your rate of magic regeneration.
   Str:       It affects your strength (+3).
   Int:       It affects your intelligence (-2).
   rF:        It renders you almost immune to fire.
   rC:        It makes you vulnerable to cold.
 X - the ring of Shadows {Umbra +Inv Stlth+}
   (You found it in the Dungeon)

   [ring of stealth]

   Umbra:     It surrounds you with an aura of shadow, increasing your stealth
   and reducing the accuracy of all others within it.
   +Inv:      It lets you turn invisible.
   Stlth:     It makes you more stealthy.
 Y - the amulet "Caoheuq" (around neck) {Acrobat rN+ rCorr}
   (You found it in the Dungeon)

   [amulet of the acrobat]

   It increases your evasion while moving and waiting.
   rN:        It protects you from negative energy.
   rCorr:     It protects you from acid and corrosion.
 Z - a ring of positive energy
Wands
 b - a wand of polymorph (44)
 q - a wand of mindburst (10)
 r - a wand of iceblast (80)
 s - a wand of light (37)
 M - a wand of flame (120)
 N - a wand of charming (92)
Scrolls
 k - 4 scrolls of blinking
 m - 4 scrolls of enchant weapon
 y - 4 scrolls of amnesia
 z - 7 scrolls of fog
 A - 5 scrolls of identify
 B - 2 scrolls of fear
 S - 7 scrolls of brand weapon
Potions
 f - 10 potions of curing
 i - 3 potions of magic
 j - 3 potions of berserk rage
 t - 2 potions of brilliance
 u - 2 potions of invisibility
 v - 4 potions of resistance
 w - a potion of experience
 x - 5 potions of might


   Skills:
 + Level 25.5 Fighting
 - Level 2.0 Short Blades
 - Level 11.7 Maces & Flails
 - Level 18.2 Ranged Weapons
 - Level 1.7 Throwing
 + Level 21.8 Armour
 + Level 20.8 Dodging
 - Level 5.8 Stealth
 + Level 22.4 Shields
 + Level 22.1 Spellcasting
 + Level 22.5 Conjurations
 * Level 8.8 Fire Magic
 * Level 12.4 Earth Magic
 - Level 15.0 Invocations


You had 47 spell levels left.
You knew the following spells:

 Your Spells              Type           Power      Damage    Failure   Level
a - Blink                 Tloc           68%        N/A       6%          2
b - Starburst             Conj/Fire      46%        6d13      1%          6
c - Orb of Destruction    Conj           54%        9d14      1%          7

Your spell library contained the following spells:

 Spells                   Type           Power      Damage    Failure   Level
 Foxfire                  Conj/Fire      100%       2x1d9     0%          1
 Magic Dart               Conj           100%       1d8       0%          1
 Searing Ray              Conj           100%       2d8       0%          2
 Stone Arrow              Conj/Erth      100%       3d13      0%          3
 Kiss of Death            Conj/Necr      100%       2d13      1%          1
 Sandblast                Erth           100%       2d20      1%          1
 Shock                    Conj/Air       100%       1d9       1%          1
 Passwall                 Tmut/Erth      53%        N/A       1%          2
 Static Discharge         Conj/Air       100%       2-7/arc   1%          2
 Hailstorm                Conj/Ice       81%        3d16      1%          3
 Inner Flame              Hex/Fire       58%        N/A       1%          3
 Mephitic Cloud           Conj/Pois/Air  69%        N/A       1%          3
 Flame Wave               Conj/Fire      93%        2d20      1%          4
 Fulminant Prism          Conj/Hex       40%        3d19      1%          4
 Sticky Flame             Conj/Fire      93%        2d10      1%          4
 Arcjolt                  Conj/Air       40%        1d50      1%          5
 Fireball                 Conj/Fire      46%        3d18      1%          5
 Irradiate                Conj/Tmut      40%        3d25      1%          5
 Lee's Rapid Deconstruct  Erth           42%        3d20*     1%          5
 Ignite Poison            Fire/Tmut/Pois 51%        N/A       3%          3
 Leda's Liquefaction      Hex/Erth       32%        N/A       3%          4
 Petrify                  Tmut/Erth      64%        N/A       3%          4
 Apportation              Tloc           68%        N/A       4%          1
 Sting                    Tmut/Pois      100%       1d8       4%          1
 Freezing Cloud           Conj/Ice/Air   34%        6-21      5%          5
 Call Imp                 Summ           68%        N/A       6%          2
 Cigotuvi's Dreadful Rot  Necr/Pois/Air  68%        N/A       6%          2
 Ensorcelled Hibernation  Hex/Ice        68%        N/A       6%          2
 Lesser Beckoning         Tloc           68%        N/A       6%          2
 Poisonous Vapours        Pois/Air       68%        N/A       6%          2
 Sublimation of Blood     Necr           34%        N/A       6%          2
 Wereblood                Tmut           34%        N/A       6%          2
 Conjure Ball Lightning   Conj/Air       40%        3x3d13    6%          6
 Borgnjor's Vile Clutch   Necr/Erth      32%        N/A       9%          5
 Call Canine Familiar     Summ           34%        N/A       13%         3
 Confusing Touch          Hex            34%        N/A       13%         3
 Frozen Ramparts          Ice            68%        1d11      13%         3
 Gell's Gravitas          Tloc           34%        N/A       13%         3
 Portal Projectile        Hex/Tloc       68%        N/A       13%         3
 Summon Guardian Golem    Hex/Summ       34%        N/A       13%         3
 Swiftness                Air            34%        N/A       13%         3
 Teleport Other           Tloc           34%        N/A       13%         3
 Tukima's Dance           Hex            34%        N/A       13%         3
 Vhi's Electric Charge    Tloc/Air       68%        N/A       13%         3
 Spellforged Servitor     Conj/Summ      40%        N/A       34%         7
 Airstrike                Air            17%        2d(3-19)  38%         4
 Anguish                  Hex/Necr       17%        N/A       38%         4
 Animate Dead             Necr           34%        N/A       38%         4
 Cause Fear               Hex            17%        N/A       38%         4
 Dispel Undead            Necr           34%        3d15      38%         4
 Ice Form                 Ice/Tmut       34%        N/A       38%         4
 Manifold Assault         Tloc           34%        N/A       38%         4
 Olgreb's Toxic Radiance  Pois           34%        N/A       38%         4
 Passage of Golubria      Tloc           34%        N/A       38%         4
 Summon Ice Beast         Ice/Summ       34%        N/A       38%         4
 Summon Lightning Spire   Summ/Air       34%        N/A       38%         4
 Statue Form              Tmut/Erth      42%        N/A       45%         6
 Plasma Beam              Fire/Air       29%        2x1d45    71%         6
 Agony                    Necr           34%        N/A       75%         5
 Alistair's Intoxication  Tmut/Pois      22%        N/A       75%         5
 Metabolic Englaciation   Hex/Ice        17%        N/A       75%         5
 Summon Forest            Summ/Tloc      17%        N/A       75%         5
 Summon Mana Viper        Hex/Summ       34%        N/A       75%         5
 Yara's Violent Unravell  Hex/Tmut       17%        3d8       75%         5
 Death Channel            Necr           17%        N/A       100%        6
 Dispersal                Tloc           17%        N/A       100%        6
 Eringya's Noxious Bog    Tmut/Pois      17%        N/A       100%        6
 Summon Cactus Giant      Summ           17%        N/A       100%        6
 Malign Gateway           Summ/Tloc      17%        N/A       100%        7
 Ozocubu's Refrigeration  Ice            17%        4d11      100%        7
 Storm Form               Tmut/Air       17%        N/A       100%        7
 Summon Hydra             Summ           17%        N/A       100%        7
 Borgnjor's Revivificati  Necr           17%        N/A       100%        8
 Discord                  Hex            17%        N/A       100%        8
 Disjunction              Tloc           17%        N/A       100%        8
 Maxwell's Capacitive Co  Air            17%        ∞         100%        8
 Chain Lightning          Conj/Air       40%        3d54      100%        9
 Fire Storm               Conj/Fire      46%        8d12      100%        9


Dungeon Overview and Level Annotations

Branches:
Dungeon (1/1)

Altars:
Ashenzari
Cheibriados
Dithmenos
Elyvilon
Fedhas
Gozag
Hepliaklqana
Kikubaaqudgha
Makhleb
Nemelex Xobeh
Okawaru
Qazlal
Ru
Sif Muna
Trog
Uskayaw
Vehumet
Wu Jian
Xom
Yredelemnul
Zin
The Shining One
Jiyva
Lugonu


Innate Abilities, Weirdness & Mutations

Your serpentine skin is tough. (AC +6)
You have supernaturally acute eyesight. (SInv)
Armour fits poorly on your strangely shaped body.
Your system is resistant to poisons. (rPois)
You cover ground very slowly.
You can spit poison.
You can use your snake-like lower body to constrict enemies.


Message History

Items here: )) = [[[.
Could not pick up a +6 ring of intelligence here; ([A]lways) ignore it? [Y]es, [N]o, or [A]lways only, please.
Could not pick up a +6 ring of intelligence here; ([A]lways) ignore it? [Y]es, [N]o, or [A]lways only, please.
Could not pick up a +6 ring of intelligence here; ([A]lways) ignore it?
Things that are here:
a +0 quarterstaff of draining; a +0 robe
Things that are here:
a +4 rapier of electrocution; a +0 robe; a +0 buckler
Things that are here:
a +2 broad axe of flaming; a +0 robe
Things that are here:
a +3 antimagic war axe; a +0 robe; a +0 buckler Partly explored, unvisited transporter.
Partly explored, unvisited transporter.
Partly explored, unvisited transporter.
Partly explored, unvisited transporter.
Items here: )) = [[.
Things that are here:
a +2 heavy quarterstaff; a +0 robe; a +0 robe You see here a +4 scale mail of fire resistance.
You see here the amulet "Reset" {Spirit rC- Dex+5}.
You see here a staff of earth.
There is a transporter here.
An exit appears before you!
You enter the transporter and appear at another place.
Found the Orb of Zot.
Unknown command.
Unknown command.
Found a staircase leading out of the dungeon.
You see here the Orb of Zot.
You pick up the Orb of Zot!
The Orb lets out a hideous shriek!
The lords of Pandemonium are not amused.
Beware!
Cheibriados tells them not to hurry.
Now all you have to do is get back out of the dungeon!
There is a staircase leading out of the dungeon here.
You start waiting.
Done waiting.
You have escaped!

............▓..▓...÷)÷.▓..▓...8©8
............▓.▓.▓÷....▓.▓.▓..[).)
............▓..▓..÷....▓..▓..))|.
...)).).....▓.............▓.....)
...)))......▓......©......▓....))
)..)....)...▓▓▓▓▓▓▓▓▓▓▓▓▓▓▓...)).
....).).....▓8888888888888▓......
▓...)...▓...▓8...........8▓...)..
....))......▓8..@.....©..8▓.▓....
....).).....▓8...........8▓....©.
...)©.......▓8888888888888▓▓▓▓▓▓▓
▓▓▓▓▓▓▓▓▓▓▓▓▓▓▓▓▓▓▓▓▓▓▓▓▓▓▓▓▓▓▓▓▓
.....8©8........▓........8©8.....
))[|=.:.:)..|...▓.=)=|[):/).=[)."
||)[|.[.[|).).).▓..|[..)|[)"[)..)
).[).:)=)..:[)).▓.).=[[[.))))[..[
.)|)............▓.......):)[:....


There were no monsters in sight!

Vanquished Creatures
  13 golden dragons (D)
  2 bone dragons (D)
  3 doom hounds (D)
  2 Tzitzimimeh (D)
  6 deep elf blademasters (D)
  A quicksilver dragon (D)
  4 deep elf master archers (D)
  14 shadow dragons (D)
  3 daevas (D)
  A draconian monk (D)
  5 nagarajas (D)
  An azure jelly (shapeshifter) (D)
  A draconian knight (D)
  5 deep elf sorcerers (D)
  4 iron dragons (D)
  An angel (D)
  A draconian annihilator (D)
  2 very ugly things (D)
  6 ghouls (D)
  4 stone giants (D)
  3 orc warlords (D)
  A green draconian (D)
  An apis (D)
  8 spriggan defenders (D)
  4 black draconians (D)
  A putrid mouth (D)
  3 white draconians (D)
  4 purple draconians (D)
  2 yellow draconians (D)
  3 deep elf annihilators (D)
  8 red draconians (D)
  5 fire dragons (D)
  A yaktaur captain (D)
  5 deep elf high priests (D)
  10 hydras (D)
  3 ice dragons (D)
  3 spriggan air magi (D)
  7 vault guards (D)
  2 catoblepae (D)
  A radroach (shapeshifter) (D)
  A centaur warrior (D)
  2 two-headed ogres (D)
  10 naga warriors (D)
  3 anacondas (D)
  A death yak (D)
  3 orc high priests (D)
  10 spriggan berserkers (D)
  2 shock serpents (shapeshifter) (D)
  A deep elf knight (D)
  2 skysharks (D)
  19 soul eaters (D)
  7 death drakes (D)
  2 cherubim (D)
  A death drake (shapeshifter) (D)
  5 swamp dragons (D)
  3 spriggan druids (D)
  4 deep elf pyromancers (D)
  7 orc knights (D)
  3 deep elf archers (D)
  4 deep elf zephyrmancers (D)
  A steelbarb worm (shapeshifter) (D)
  4 orc sorcerers (D)
  4 ugly things (D)
  A manticore (shapeshifter) (D)
  7 cyclopes (D)
  An elephant (D)
  9 black mambas (D)
  3 guardian serpents (D)
  7 naga magi (D)
  13 cane toads (D)
  A guardian serpent (shapeshifter) (D)
  10 rime drakes (D)
  9 komodo dragons (D)
  4 yaktaurs (D)
  A merfolk (shapeshifter) (D)
  4 trolls (D)
  4 polar bears (D)
  A blink frog (D)
  A raiju (D)
  A water elemental (D)
  A wyvern (shapeshifter) (D)
  10 yaks (D)
  7 wyverns (D)
  A hog (shapeshifter) (D)
  A fire elemental (D)
  2 basilisks (D)
  A human (shapeshifter) (D)
  A neqoxec (D)
  2 redbacks (shapeshifter) (D)
  7 steam dragons (D)
  A swamp worm (shapeshifter) (D)
  5 nagas (D)
  4 wargs (D)
  3 acid dragons (D)
  18 water moccasins (D)
  15 orc warriors (D)
  2 floating eyes (D)
  A floating eye (shapeshifter) (D)
  4 swamp drakes (D)
  A sky beast (shapeshifter) (D)
  6 wolves (D)
  10 ogres (D)
  2 centaurs (D)
  A bullfrog (D)
  3 necrophages (D)
  An earth elemental (D)
  4 jellies (D)
  4 orc priests (D)
  4 iguanas (D)
  5 orc wizards (D)
  A hell rat (D)
  A small abomination (D)
  5 adders (D)
  A river rat (D)
  2 spectral adders (D)
  3 adder zombies (D)
  An adder skeleton (D)
  An orc (D)
  2 spectral bats (D)
  4 ball pythons (D)
  5 bat skeletons (D)
  5 bat zombies (D)
  3 endoplasms (D)
  A jackal (D)
  10 ball python skeletons (D)
  4 ball python zombies (D)
  2 jackal skeletons (D)
  A jackal zombie (D)
  7 quokka skeletons (D)
  A quokka zombie (D)
  3 spectral ball pythons (D)
520 creatures vanquished.

Vanquished Creatures (others)
  A rime drake (D)
1 creature vanquished.

Grand Total: 521 creatures vanquished

Notes
Turn   | Place    | Note
-------+----------+-------------------------------------------
     0 | D        | Groucho the Naga Brigand began the quest for the Orb.
     0 | D        | Reached XP level 1. HP: 19/19 MP: 1/1
    13 | D        | Found a blossoming altar of Fedhas.
    13 | D        | Found the +6 Majin-Bo {spellvamp, MP+6 Int+6}
    13 | D        | Found the +27 heavy crossbow "Sniper" {heavy, Acc+∞ SInv}
    13 | D        | Found the +10 dark maul {heavy}
    13 | D        | Found the +15 Maxwell's patent armour {-Cast -Tele rElec
                  | Will+ rCorr}
    13 | D        | Found the +18 shield of the Gong {Loud rN+ Will+ rCorr
                  | EV-5}
    13 | D        | Found the +16 obsidian axe {drain, demonic, Mesm Drain Fly
                  | SInv}
    13 | D        | Found the +7 great mace "Firestarter" {flame, immolate,
                  | rFlCloud rF++}
    13 | D        | Found the +6 shillelagh "Devastator" {shatter}
    13 | D        | Found the +11 plutonium sword {Contam Stlth-}
    13 | D        | Found the +8 lance "Wyrmbane" {slay drac, rPois rF+ rC+
                  | AC+3}
    13 | D        | Found the +9 sword of Zonguldrok {reap}
    13 | D        | Found the +13 scythe of Curses {drain, curses, Drain}
    13 | D        | Found the +9 sword of Power {lifebolt}
    13 | D        | Found the +7 mace of Variability {chaos, chaos arc}
    13 | D        | Found the +11 Singing Sword {sonic wave}
    13 | D        | Found the +8 storm bow {elec, penet}
    14 | D        | Found a viscous altar of Jiyva.
    14 | D        | Found a transporter.
    14 | D        | Found a hazy altar of Hepliaklqana.
    14 | D        | Found an ancient bone altar of Kikubaaqudgha.
    14 | D        | Found an opulent altar of Gozag.
    14 | D        | Found a corrupted altar of Lugonu.
    21 | D        | Found a burning altar of Makhleb.
    22 | D        | Found a stormy altar of Qazlal.
    22 | D        | Found a sacrificial altar of Ru.
    22 | D        | Found an iron altar of Okawaru.
    22 | D        | Found a shimmering blue altar of Sif Muna.
    22 | D        | Found a sparkling altar of Nemelex Xobeh.
    22 | D        | Found a bloodstained altar of Trog.
   100 | D        | Became a worshipper of Cheibriados the Contemplative
   115 | D        | Entered arena 2.
   115 | D        | Noticed a small abomination
   115 | D        | Noticed a raiju
   115 | D        | Found a transporter.
   118 | D        | Killed a small abomination
   119 | D        | Reached skill level 1 in Maces & Flails
   119 | D        | Reached skill level 1 in Armour
   119 | D        | Reached skill level 1 in Dodging
   119 | D        | Reached skill level 1 in Shields
   119 | D        | Reached XP level 2. HP: 21/27 MP: 2/4
   121 | D        | Killed a raiju
   122 | D        | Reached skill level 4 in Fighting
   122 | D        | Reached XP level 3. HP: 23/37 MP: 2/7
   122 | D        | Reached XP level 4. HP: 28/45 MP: 2/8
   122 | D        | Reached XP level 5. HP: 32/51 MP: 2/9
   479 | D        | Got the staff of conjuration "Jomuc" {rElec rPois rC++
                  | Will-}
   485 | D        | Entered arena 3.
   485 | D        | Found a transporter.
   490 | D        | Reached * piety under Cheibriados
   491 | D        | Reached ** piety under Cheibriados
   502 | D        | Entered arena 4.
   502 | D        | Found the +12 pair of quick blades "Gyre" and "Gimble"
                  | {protect}
   502 | D        | Found a transporter.
   505 | D        | Reached *** piety under Cheibriados
   506 | D        | Reached skill level 5 in Fighting
   506 | D        | Reached XP level 6. HP: 61/61 MP: 11/11
   822 | D        | Entered arena 5.
   822 | D        | Found a transporter.
   825 | D        | Reached **** piety under Cheibriados
   938 | D        | Entered arena 6.
   938 | D        | Found a transporter.
   941 | D        | Reached ***** piety under Cheibriados
   945 | D        | Reached skill level 5 in Maces & Flails
   945 | D        | Reached XP level 7. HP: 68/68 MP: 11/13
   946 | D        | Reached skill level 5 in Shields
   977 | D        | Entered arena 7.
   978 | D        | Reached ****** piety under Cheibriados
   979 | D        | Reached skill level 6 in Fighting
   979 | D        | Reached skill level 5 in Armour
   979 | D        | Reached skill level 5 in Dodging
  1021 | D        | Found a transporter.
  1038 | D        | Entered arena 8.
  1038 | D        | Noticed a yaktaur
  1038 | D        | Noticed a cyclops
  1038 | D        | Noticed a centaur warrior
  1038 | D        | Noticed a cyclops
  1040 | D        | Reached skill level 10 in Invocations
  1040 | D        | Reached XP level 8. HP: 78/78 MP: 9/15
  1040 | D        | Killed a centaur warrior
  1040 | D        | Killed a yaktaur
  1041 | D        | Reached skill level 7 in Fighting
  1041 | D        | Reached XP level 9. HP: 88/88 MP: 4/17
  1041 | D        | Found a transporter.
  1043 | D        | Killed a cyclops
  1044 | D        | Reached skill level 8 in Fighting
  1044 | D        | Killed a cyclops
  1051 | D        | Got Vehumet's Omnibus of Damage
  1242 | D        | Entered arena 9.
  1242 | D        | Noticed a komodo dragon
  1242 | D        | Noticed a rime drake
  1244 | D        | Killed a rime drake
  1245 | D        | Killed a komodo dragon
  1246 | D        | Reached skill level 9 in Fighting
  1246 | D        | Reached XP level 10. HP: 99/99 MP: 5/19
  1246 | D        | Found a transporter.
  1252 | D        | Got the Precepts of the Gaseous Serac
  1511 | D        | Entered arena 10.
  1512 | D        | Found a transporter.
  1653 | D        | Entered arena 11.
  1653 | D        | Noticed a cyclops
  1653 | D        | Noticed a cyclops
  1653 | D        | Noticed a cyclops
  1653 | D        | Noticed a cyclops
  1653 | D        | Noticed a two-headed ogre
  1653 | D        | Noticed a two-headed ogre
  1656 | D        | Killed a two-headed ogre
  1656 | D        | Killed a two-headed ogre
  1657 | D        | Killed a cyclops
  1658 | D        | Killed a cyclops
  1658 | D        | Killed a cyclops
  1658 | D        | Killed a cyclops
  1659 | D        | Reached skill level 10 in Fighting
  1659 | D        | Reached skill level 10 in Maces & Flails
  1659 | D        | Reached skill level 15 in Invocations
  1659 | D        | Reached XP level 11. HP: 110/110 MP: 0/22
  1877 | D        | Found a transporter.
  2006 | D        | Entered arena 12.
  2006 | D        | Noticed a soul eater
  2006 | D        | Noticed a soul eater
  2006 | D        | Noticed a soul eater
  2008 | D        | Killed a soul eater
  2009 | D        | Reached skill level 1 in Spellcasting
  2009 | D        | Reached skill level 1 in Conjurations
  2009 | D        | Noticed a ghoul
  2011 | D        | Killed a soul eater
  2011 | D        | Killed a soul eater
  2024 | D        | Killed a ghoul
  2025 | D        | Found a transporter.
  2034 | D        | Got the ring of Maepi {rElec rPois rF+}
  2056 | D        | Entered arena 13.
  2056 | D        | Noticed a deep elf high priest
  2056 | D        | Noticed a deep elf zephyrmancer
  2056 | D        | Noticed a deep elf archer
  2056 | D        | Noticed a deep elf master archer
  2056 | D        | Noticed a deep elf archer
  2056 | D        | Noticed a deep elf pyromancer
  2057 | D        | Noticed a deep elf pyromancer
  2057 | D        | Noticed a deep elf zephyrmancer
  2057 | D        | Noticed a deep elf archer
  2059 | D        | Reached skill level 11 in Fighting
  2059 | D        | Killed a deep elf zephyrmancer
  2059 | D        | Killed a deep elf zephyrmancer
  2059 | D        | Killed a deep elf high priest
  2059 | D        | Killed a deep elf archer
  2059 | D        | Killed a deep elf archer
  2059 | D        | Killed a deep elf archer
  2059 | D        | Killed a deep elf pyromancer
  2059 | D        | Killed a deep elf pyromancer
  2060 | D        | Reached skill level 10 in Shields
  2060 | D        | Reached skill level 5 in Conjurations
  2060 | D        | Reached XP level 12. HP: 79/121 MP: 12/23
  2060 | D        | Killed a deep elf master archer
  2061 | D        | Reached skill level 10 in Dodging
  2061 | D        | Reached skill level 5 in Spellcasting
  2356 | D        | Found a transporter.
  2546 | D        | Entered arena 14.
  2547 | D        | Noticed a vault guard
  2547 | D        | Noticed a yaktaur captain
  2547 | D        | Noticed a vault guard
  2547 | D        | Noticed a vault guard
  2547 | D        | Noticed a vault guard
  2547 | D        | Noticed a vault guard
  2547 | D        | Noticed a vault guard
  2547 | D        | Noticed a shadow dragon
  2549 | D        | Noticed a vault guard
  2550 | D        | Reached skill level 12 in Fighting
  2550 | D        | Reached skill level 1 in Ranged Weapons
  2550 | D        | Reached skill level 10 in Armour
  2550 | D        | Killed a vault guard
  2550 | D        | Killed a vault guard
  2550 | D        | Killed a vault guard
  2550 | D        | Killed a vault guard
  2551 | D        | Killed a yaktaur captain
  2551 | D        | Killed a vault guard
  2556 | D        | Killed a shadow dragon
  2557 | D        | Killed a vault guard
  2557 | D        | Killed a vault guard
  2845 | D        | Found a transporter.
  2877 | D        | Entered arena 15.
  2878 | D        | Noticed a daeva
  2878 | D        | Noticed an apis
  2878 | D        | Noticed a daeva
  2878 | D        | Found the +12 glaive of Prune {freeze, Prune}
  2879 | D        | Noticed an angel
  2879 | D        | Noticed a daeva
  2882 | D        | Killed an angel
  2883 | D        | Reached skill level 13 in Fighting
  2883 | D        | Reached skill level 5 in Ranged Weapons
  2883 | D        | Gained mutation: You can use your snake-like lower body to
                  | constrict enemies. [Naga growth]
  2883 | D        | Reached XP level 13. HP: 96/133 MP: 8/24
  2887 | D        | Killed an apis
  2892 | D        | Killed a daeva
  2892 | D        | Killed a daeva
  2896 | D        | Killed a daeva
  2898 | D        | Found the +3 giant club "Skullcrusher" {speed, Str+7}
  2902 | D        | Found a transporter.
  3076 | D        | Entered arena 16.
  3181 | D        | Found the +4 skin of Zhor {*Englaciate rC+++ SInv}
  3181 | D        | Found the ring of Shadows {Umbra +Inv Stlth+}
  3194 | D        | Found a transporter.
  3207 | D        | Got the ring "Paazeul" {Drain Fly rF+ rC++}
  3232 | D        | Entered arena 17.
  3239 | D        | Reached skill level 14 in Fighting
  3241 | D        | Reached skill level 10 in Conjurations
  3468 | D        | Found a transporter.
  3474 | D        | Got the Codex of Cankerous Malisons
  3484 | D        | Got the Tome of the Lungs and Movement
  3490 | D        | Got the ring "Jeent" {Fire *Slow Fly Will+}
  3511 | D        | Entered arena 18.
  3514 | D        | Found the +5 demon whip "Spellbinder" {antimagic, disrupt,
                  | Will+}
  3515 | D        | Noticed a ghoul
  3515 | D        | Noticed a shadow dragon
  3522 | D        | Killed a shadow dragon
  3525 | D        | Killed a ghoul
  3526 | D        | Found a transporter.
  3667 | D        | Entered arena 19.
  3670 | D        | Found the ring of the Hare {EV+10}
  3673 | D        | Reached XP level 14. HP: 145/145 MP: 21/27
  3674 | D        | Reached skill level 10 in Spellcasting
  3680 | D        | Reached skill level 15 in Fighting
  3944 | D        | Found a transporter.
  3970 | D        | Got the amulet "Caoheuq" {Acrobat rN+ rCorr}
  3986 | D        | Got the Vellum of the Seven Bounties
  4001 | D        | Entered arena 20.
  4006 | D        | Noticed a brown very ugly thing
  4006 | D        | Noticed a purple very ugly thing
  4010 | D        | Killed a brown very ugly thing
  4010 | D        | Killed a red very ugly thing
  4266 | D        | Found a transporter.
  4308 | D        | Entered arena 21.
  4310 | D        | Noticed a red draconian
  4310 | D        | Noticed a green draconian
  4312 | D        | Noticed a white draconian
  4313 | D        | Identified the +7 quarterstaff of Piossymp {distort, rF-
                  | Str+5}
  4313 | D        | Noticed a red draconian
  4313 | D        | Noticed a black draconian
  4314 | D        | Noticed a white draconian
  4314 | D        | Noticed a purple draconian
  4314 | D        | Noticed a red draconian
  4314 | D        | Noticed a purple draconian
  4314 | D        | Noticed a red draconian
  4314 | D        | Noticed a red draconian
  4315 | D        | Noticed a yellow draconian annihilator
  4315 | D        | Noticed a purple draconian
  4316 | D        | Noticed a red draconian
  4316 | D        | Noticed a black draconian
  4316 | D        | Noticed a black draconian knight
  4316 | D        | Noticed a black draconian
  4318 | D        | Killed a green draconian
  4318 | D        | Killed a white draconian
  4318 | D        | Killed a red draconian
  4318 | D        | Killed a red draconian
  4318 | D        | Killed a black draconian
  4318 | D        | Killed a white draconian
  4318 | D        | Killed a red draconian
  4318 | D        | Killed a purple draconian
  4318 | D        | Killed a red draconian
  4318 | D        | Killed a red draconian
  4318 | D        | Killed a purple draconian
  4318 | D        | Killed a yellow draconian annihilator
  4318 | D        | Identified the amulet of Guhan {RegenMP Harm Str+2}
  4318 | D        | Noticed a red draconian
  4319 | D        | Reached skill level 16 in Fighting
  4319 | D        | Reached skill level 10 in Ranged Weapons
  4319 | D        | Killed a purple draconian
  4319 | D        | Killed a black draconian knight
  4319 | D        | Identified the +6 hand axe of Uceg {venom, rC++ Str+4
                  | Int-4}
  4319 | D        | Noticed a yellow draconian
  4320 | D        | Reached skill level 15 in Shields
  4320 | D        | Killed a black draconian
  4320 | D        | Killed a red draconian
  4320 | D        | Killed a black draconian
  4320 | D        | Noticed a red draconian
  4320 | D        | Noticed a yellow draconian
  4320 | D        | Identified the ring of the Breathing Gods {Drain rF+ MP+9
                  | Str+3 Int+3}
  4320 | D        | Noticed a green draconian monk
  4321 | D        | Reached XP level 15. HP: 127/158 MP: 0/32
  4331 | D        | Killed a green draconian monk
  4761 | D        | Found a transporter.
  4801 | D        | Entered arena 22.
  4807 | D        | Noticed a deep elf blademaster
  4810 | D        | Reached skill level 17 in Fighting
  4810 | D        | Noticed a deep elf blademaster
  4810 | D        | Noticed a deep elf blademaster
  4810 | D        | Noticed a deep elf blademaster
  4815 | D        | Killed a deep elf blademaster
  4815 | D        | Killed a deep elf blademaster
  4816 | D        | Reached skill level 15 in Spellcasting
  4816 | D        | Killed a deep elf blademaster
  4817 | D        | Identified the +3 scale mail of the Bagpipe {SInv Stlth+}
  4817 | D        | Noticed a deep elf master archer
  4818 | D        | Killed a deep elf blademaster
  4818 | D        | Noticed a deep elf blademaster
  4821 | D        | Noticed a deep elf master archer
  4821 | D        | Identified the +1 mace "Joavooz" {antimagic, Int+3}
  4821 | D        | Noticed a deep elf sorcerer
  4822 | D        | Killed a deep elf blademaster
  4822 | D        | Identified the amulet "Hupraom" {Reflect +Blink rElec MP-9
                  | Int+7 SH+5}
  4823 | D        | Killed a deep elf master archer
  4824 | D        | Killed a deep elf sorcerer
  4825 | D        | Killed a deep elf master archer
  4826 | D        | Reached skill level 15 in Armour
  4826 | D        | Reached skill level 15 in Dodging
  4830 | D        | Identified the +0 chain mail "Mufyb" {rPois Will+}
  4830 | D        | Noticed a deep elf blademaster
  4835 | D        | Killed a deep elf blademaster
  4837 | D        | Reached skill level 15 in Conjurations
  4837 | D        | Identified the +0 broad axe "Tomiotem" {spect, rPois rF+
                  | rN+ Dex-4}
  4837 | D        | Noticed a deep elf sorcerer
  4837 | D        | Noticed a deep elf sorcerer
  4837 | D        | Noticed a deep elf sorcerer
  4838 | D        | Identified the +6 hand axe "Buf Cade" {protect, rF+ rC+
                  | Will+ Int-4}
  4838 | D        | Noticed a deep elf sorcerer
  4838 | D        | Noticed a deep elf master archer
  4838 | D        | Noticed an azure jelly
  4840 | D        | Killed a deep elf sorcerer
  4840 | D        | Killed a deep elf sorcerer
  4841 | D        | Reached skill level 18 in Fighting
  4841 | D        | Killed a deep elf sorcerer
  4841 | D        | Killed an azure jelly
  4841 | D        | Killed a deep elf master archer
  4841 | D        | Killed a deep elf sorcerer
  4848 | D        | Reached XP level 16. HP: 98/172 MP: 24/36
  5209 | D        | Found a transporter.
  5240 | D        | Got the Reference Book on Translocated Anathema
  5242 | D        | Got Zairor's Spellbook of Dark Changing
  5265 | D        | Entered arena 23.
  5271 | D        | Noticed a shadow dragon
  5271 | D        | Noticed a quicksilver dragon
  5271 | D        | Noticed a golden dragon
  5271 | D        | Noticed a shadow dragon
  5271 | D        | Noticed a golden dragon
  5272 | D        | Noticed a golden dragon
  5272 | D        | Noticed a golden dragon
  5273 | D        | Noticed a golden dragon
  5274 | D        | Noticed a golden dragon
  5275 | D        | Killed a quicksilver dragon
  5277 | D        | Killed a golden dragon
  5277 | D        | Killed a golden dragon
  5277 | D        | Killed a golden dragon
  5277 | D        | Killed a golden dragon
  5278 | D        | Reached skill level 19 in Fighting
  5278 | D        | Killed a shadow dragon
  5278 | D        | Killed a golden dragon
  5278 | D        | Killed a golden dragon
  5278 | D        | Killed a shadow dragon
  5526 | D        | Found a transporter.
  5604 | D        | Entered arena 24.
  5611 | D        | Identified the amulet "Luomaeb" {Faith Will+ Str+7 Int+2
                  | Dex+2}
  5611 | D        | Identified the +2 robe "Wexu" {Dex+2}
  5611 | D        | Identified the ring of Spite {rC+ Slay+2}
  5614 | D        | Reached skill level 15 in Ranged Weapons
  5616 | D        | Reached skill level 20 in Fighting
  5831 | D        | Found a transporter.
  5846 | D        | Got the Book of Flesh
  5853 | D        | Got Qopomp's Folio of Fetid Last Rites
  5934 | D        | Entered arena 25.
  5941 | D        | Noticed a shadow dragon
  5941 | D        | Noticed a golden dragon
  5941 | D        | Found the +8 demon trident "Rift" {distort, reach+}
  5941 | D        | Noticed a shadow dragon
  5941 | D        | Noticed a shadow dragon
  5941 | D        | Noticed a golden dragon
  5941 | D        | Noticed a golden dragon
  5941 | D        | Noticed a golden dragon
  5941 | D        | Noticed a golden dragon
  5942 | D        | Noticed a golden dragon
  5945 | D        | Reached XP level 17. HP: 145/188 MP: 24/39
  5945 | D        | Killed a golden dragon
  5945 | D        | Killed a golden dragon
  5945 | D        | Killed a golden dragon
  5946 | D        | Reached skill level 21 in Fighting
  5946 | D        | Killed a golden dragon
  5946 | D        | Killed a golden dragon
  5947 | D        | Noticed a golden dragon
  5948 | D        | Reached skill level 22 in Fighting
  5948 | D        | Killed a golden dragon
  5954 | D        | Killed a golden dragon
  5955 | D        | Reached skill level 23 in Fighting
  6318 | D        | Found the +10 zealot's sword {holy, Zealotry, *Rage rN+
                  | EV+3}
  6319 | D        | Found a transporter.
  6352 | D        | Got the amulet "Ymygai Rymol" {RegenMP rF+++ rC- Str+3
                  | Int-2}
  6460 | D        | Entered arena 26.
  6470 | D        | Identified the +0 great sword of Icunoji {heavy, Fly rCorr}
  6470 | D        | Identified the staff of air "Qiviw" {rElec rPois}
  6470 | D        | Identified the ring of the Lizard {rF+ rCorr EV+5}
  6471 | D        | Identified the amulet of Gerigo {Faith rN+ Int+3 Dex+4
                  | Stlth+}
  6479 | D        | Reached XP level 18. HP: 205/207 MP: 7/42
  6493 | D        | Acquired the Compilation of Wintry Incineration
  6498 | D        | Acquired a manual of Short Blades
  6723 | D        | Found a transporter.
  6725 | D        | Found the brooch of Shielding {Spirit SH+8}
  6755 | D        | Got the ring of the Fool {rElec rPois rC+ SInv}
  6780 | D        | Got the ring "Hosojy" {Fire Str+3}
  6795 | D        | Learned a level 2 spell: Blink
  6802 | D        | Learned a level 6 spell: Starburst
  6894 | D        | Entered arena 27.
  6900 | D        | Noticed a doom hound
  6901 | D        | Noticed a Tzitzimitl
  6902 | D        | Noticed a doom hound
  6902 | D        | Noticed a doom hound
  6902 | D        | Noticed a Tzitzimitl
  6907 | D        | Noticed a bone dragon
  6909 | D        | Killed a doom hound
  6909 | D        | Killed a doom hound
  6910 | D        | Reached skill level 24 in Fighting
  6910 | D        | Killed a doom hound
  6910 | D        | Killed a Tzitzimitl
  6910 | D        | Noticed a bone dragon
  6911 | D        | Killed a Tzitzimitl
  6915 | D        | Killed a bone dragon
  6918 | D        | Killed a bone dragon
  7643 | D        | Learned a level 7 spell: Orb of Destruction
  7853 | D        | Found the +4 consecrated labrys {holy, Valiant Fragile Fly
                  | SInv}
  7855 | D        | Found a transporter.
  7925 | D        | Got the amulet "Syciotath" {RegenMP +Inv rCorr}
  7978 | D        | Entered arena 28.
  7986 | D        | Identified the amulet "Reset" {Spirit rC- Dex+5}
  7986 | D        | Identified the +5 spear "Hiseqao" {antimagic, Str+6}
  7991 | D        | Reached skill level 25 in Fighting
  7993 | D        | Reached skill level 5 in Fire Magic
  8010 | D        | Reached XP level 19. HP: 220/220 MP: 4/45
  8407 | D        | Found a transporter.
  8419 | D        | Got Cufookh's Annotations on the Atmosphere and Phantasms
  8534 | D        | Got the Orb of Zot
  8639 | D        | Escaped with the Orb!

Illustrated notes

Levels and vault maps discovered:
D:        sprint_v [room_start, room_1, room_2, room_3, room_4, room_5, room_6,
          room_7, room_8, room_9, room_10, room_11, room_12, room_13, room_14,
          room_15, room_16, room_17, room_18, room_19, room_20, room_21,
          room_22, room_23, room_24, room_25, room_26, room_27]

Skill      XL: |  1  2  3  4  5  6  7  8  9 10 11 12 13 14 15 16 17 18 |
---------------+-------------------------------------------------------+-----
Maces & Flails | 1 3 4 5 6 7 8 10 11 | 11.7
Armour         | 1 3 4 5 6 7 8 9 11 12 14 15 18 20 21 | 21.8
Dodging        | 1 3 4 5 6 7 8 9 11 12 14 15 17 19 20 | 20.8
Shields        | 1 3 4 5 6 7 9 10 12 13 15 16 18 20 22 | 22.4
Invocations    | 2 6 7 8 10 11 13 15 | 15.0
Fighting       | 4 5 6 7 9 10 11 13 14 16 18 20 23 25 | 25.5
Spellcasting   | 4 7 9 13 16 18 20 22 | 22.1
Conjurations   | 5 8 10 13 15 18 20 22 | 22.5
Ranged Weapons | 5 8 11 13 15 18 | 18.2
Fire Magic     | 8 |  8.8
Earth Magic    | 12 | 12.4
Short Blades   | |  2.0
Throwing       | |  1.7
Stealth        | |  5.8

Action                     |  1- 3 |  4- 6 |  7- 9 | 10-12 | 13-15 | 16-18 | 19-21 || total
---------------------------+-------+-------+-------+-------+-------+-------+-------++-------
  Melee: Shillelagh        |     5 |    12 |     3 |    16 |     8 |       |       ||    44
         Constrict         |       |       |       |       |     3 |       |       ||     3
   Fire: Hand crossbow     |       |       |       |     5 |    60 |    50 |       ||   115
 Invoke: Slouch            |       |       |     5 |    18 |    42 |    46 |       ||   111
         Bend Time         |       |       |     1 |       |     1 |       |       ||     2
    Use: Potion            |       |       |       |       |    12 |     2 |       ||    14
         Scroll            |       |       |       |       |     1 |     6 |       ||     7
 Armour: Plate armour      |     1 |     1 |     1 |     4 |    73 |    23 |       ||   103
  Dodge: Dodged            |       |     1 |       |     6 |    55 |   121 |       ||   183
  Block: Kite shield       |     3 |    15 |     7 |    46 |   167 |   134 |       ||   372
